 Dungeon Crawl Stone Soup version 0.22-a0-750-ga7dcef7 (webtiles) character file.

3489 chorionicmirror the Fighter (level 9, -7/76 HPs)
             Began as a Demonspawn Gladiator on July 15, 2018.
             Was a Priest of Yredelemnul.
             Mangled by an orc warrior
             ... wielding a +0 broad axe
              (15 damage)
             ... in a bailey.
             The game lasted 00:29:54 (9691 turns).

chorionicmirror the Fighter (Demonspawn Gladiator)  Turns: 9691, Time: 00:29:55

Health: -7/76      AC:  8    Str: 19    XL:     9   Next: 80%
Magic:  0/13       EV: 15    Int: 12    God:    Yredelemnul [***...]
Gold:   573        SH:  0    Dex: 21    Spells: 13/14 levels left

rFire    + + .     SeeInvis +   y - +3 hand axe "Demonslayer" {elec, rF++ Int+3 Dex+7} (curse)
rCold    . . .     Gourm    .   (no shield)
rNeg     . . .     Faith    .   b - +1 leather armour
rPois    .         Spirit   +   c - +0 helmet
rElec    .         Reflect  .   l - scarf {repulsion}
rCorr    .         Harm     .   (no gloves)
MR       .....                  q - +0 pair of boots
Stlth    ++........             j - amulet of guardian spirit
HPRegen  0.22/turn              r - ring of see invisible
MPRegen  0.13/turn              (no ring)

@: about to teleport, injury mirror, repel missiles
A: hooves 1, iridescent scales 1, foul stench 1, powered by death 1, rot
immunity
a: Recall Undead Slaves, Injury Mirror, Animate Dead, Renounce Religion


You were in a bailey.
You worshipped Yredelemnul.
Yredelemnul was most pleased with you.
You were not hungry.

You visited 2 branches of the dungeon, and saw 9 of its levels.
You also visited: Bailey.

You collected 573 gold pieces.

Inventory:

Hand Weapons
 a - a +1 long sword
 y - the cursed +3 hand axe "Demonslayer" (weapon) {elec, rF++ Int+3 Dex+7}
   (You found it on level 8 of the Dungeon)

   Occasionally, upon striking a foe, it will discharge some electrical energy
   and cause terrible harm.
   It affects your intelligence (+3).
   It affects your dexterity (+7).
   It greatly protects you from fire.
   It has a curse placed upon it.
Missiles
 d - 4 throwing nets (quivered)
Armour
 b - a +1 leather armour (worn)
 c - a +0 helmet (worn)
 l - a scarf of repulsion (worn)
 q - a +0 pair of boots (worn)
Jewellery
 j - an amulet of guardian spirit (around neck)
 n - an uncursed amulet of magic regeneration
 r - a ring of see invisible (left hand)
Wands
 x - a wand of digging (16)
Scrolls
 g - a scroll of immolation
 h - a scroll of fear
 m - 3 scrolls of remove curse
 p - 2 scrolls of magic mapping {unknown}
 u - a scroll of enchant weapon
 v - a scroll of fog
Potions
 e - a potion of cancellation
 i - a potion of flight
 o - 3 potions of brilliance
 s - a potion of might
 t - a potion of haste
 w - a potion of resistance {unknown}
Comestibles
 f - 11 rations


   Skills:
 * Level 9.3 Fighting
 + Level 5.3 Long Blades
 - Level 1.7 Throwing
 + Level 3.2 Armour
 + Level 4.3 Dodging
 - Level 3.0 Spellcasting
 - Level 6.0 Necromancy
 + Level 5.1 Invocations


You had 13 spell levels left.
You knew the following spells:

 Your Spells              Type           Power        Failure   Level  Hunger
a - Animate Skeleton      Necr           N/A          2%          1    #......

Your spell library contained the following spells:

 Spells                   Type           Power        Failure   Level  Hunger
 Apportation              Tloc           #.....       28%         1    #......
 Summon Small Mammal      Summ           #...         28%         1    #......
 Confusing Touch          Hex            #.....       28%         1    #......


Dungeon Overview and Level Annotations

Branches:
Dungeon (8/15)             Temple (1/1) D:5
   Lair: D:8-11

Altars:
Cheibriados
Dithmenos
Elyvilon
Fedhas
Hepliaklqana
Makhleb
Nemelex Xobeh
Okawaru
Qazlal
Ru
Sif Muna
Trog
Uskayaw
Vehumet
Wu Jian
Xom
Yredelemnul
Zin
The Shining One

Shops:
D:8 ?

Annotations:
D:7 1 runed door


Innate Abilities, Weirdness & Mutations

You have large cloven feet.
You are partially covered in iridescent scales. (AC +2)
You may emit foul miasma when damaged in melee.
You regenerate a little health from kills.
You are immune to rotting.


Message History

* * * LOW HITPOINT WARNING * * *
The orc barely misses you.
Okay, then.
You offer yourself to Yredelemnul, and are filled with unholy energy.
As you read the scroll of teleportation, it crumbles to dust.
You feel strangely unstable. The orc closely misses you.
The orc warrior closely misses you.
The orc warrior is engulfed in dark miasma.
The orc warrior looks even sicker.
The orc warrior seems to slow down.
The orc warrior hits you but does no damage.
You barely miss the orc.
You hit the orc warrior but do no damage.
Lightning courses through the orc warrior!
You hit the orc warrior. The orc hits you but does no damage.
The orc warrior completely misses you.
The orc warrior is engulfed in dark miasma.
The orc warrior looks even sicker.
The orc warrior seems to slow down.
The orc warrior hits you with a broad axe!!
You die...
Your body rises from the dead as a mindless zombie.

....... .......
....... .....
.... #..
###o###
##...@.##
#...8oo.#
#∩(.§.%∩#
##...)(##
####'''####
##≈....(..≈##
#≈≈....)).≈≈###
+≈≈....(..≈≈'.'
#≈≈....(..≈≈###


You could see 2 orc warriors and an orc.

Vanquished Creatures
  A troll (D:8)
  2 hippogriffs (D:7)
  Menkaure (D:7)
  3 orc warriors
  5 ogres
  A sky beast (D:6)
  An ice beast (D:6)
  A black bear (D:6)
  3 centaurs
  3 bullfrogs (D:7)
  3 scorpions
  2 killer bees (D:7)
  A howler monkey (D:7)
  A centaur zombie (D:3)
  3 crimson imps
  A hound (D:5)
  8 orc wizards
  Crazy Yiuf (D:6)
  A centaur skeleton (D:4)
  A gnoll shaman (D:6)
  3 jellies
  2 bullfrog skeletons (D:7)
  3 iguanas
  10 worker ants
  2 howler monkey zombies
  7 gnolls
  6 adders
  A shadow imp (D:6)
  An ooze (D:3)
  4 worms
  2 leopard geckos
  22 orcs
  5 ball pythons
  11 giant cockroaches
  5 goblins
  7 hobgoblins
  11 jackals
  9 kobolds
  A quokka (D:7)
  6 bats
  5 frilled lizards
  4 rats
  A butterfly (D:7)
171 creatures vanquished.

Notes
Turn   | Place    | Note
-------+----------+-------------------------------------------
     0 | D:1      | chorionicmirror the Demonspawn Gladiator began the quest for the Orb.
     0 | D:1      | Reached XP level 1. HP: 16/16 MP: 1/1
   165 | D:1      | Gained mutation: You regenerate a little health from kills. [demonic ancestry]
   165 | D:1      | Reached XP level 2. HP: 22/23 MP: 2/2
   186 | D:1      | Reached skill level 3 in Fighting
   682 | D:2      | Gained mutation: You have large cloven feet. [demonic ancestry]
   682 | D:2      | Reached XP level 3. HP: 25/29 MP: 3/3
   688 | D:2      | Reached skill level 4 in Fighting
   958 | D:2      | Gained mutation: You are immune to rotting. [demonic ancestry]
   958 | D:2      | Reached XP level 4. HP: 35/38 MP: 2/4
  1083 | D:2      | Learned a level 1 spell: Animate Skeleton
  1187 | D:2      | Found a stormy altar of Qazlal.
  1555 | D:3      | Reached skill level 1 in Necromancy
  1891 | D:3      | Found a basalt altar of Yredelemnul.
  1893 | D:3      | Noticed a profane servitor
  1906 | D:3      | Found a glowing golden altar of the Shining One.
  1908 | D:3      | Noticed an angel
  1931 | D:3      | Became a worshipper of Yredelemnul the Dark
  2106 | D:3      | Reached skill level 5 in Fighting
  2106 | D:3      | Gained mutation: You are partially covered in iridescent scales. (AC +2) [demonic ancestry]
  2106 | D:3      | Reached XP level 5. HP: 44/44 MP: 5/5
  2281 | D:4      | Noticed a dagger
  2282 | D:4      | Noticed a hand axe
  2285 | D:4      | Found a hide-covered altar of Uskayaw.
  2337 | D:4      | HP: 2/44 [centaur skeleton (5)]
  2783 | D:4      | Reached skill level 1 in Spellcasting
  2845 | D:4      | Gained mutation: You may emit foul miasma when damaged in melee. [demonic ancestry]
  2845 | D:4      | Reached XP level 6. HP: 37/51 MP: 5/7
  3241 | D:4      | Found a sacrificial altar of Ru.
  3561 | D:5      | Entered Level 5 of the Dungeon
  3621 | D:5      | Found a staircase to the Ecumenical Temple.
  3632 | Temple   | Entered the Ecumenical Temple
  3880 | D:5      | Reached skill level 6 in Fighting
  3989 | D:5      | Reached XP level 7. HP: 58/58 MP: 8/10
  4115 | D:5      | Found a burning altar of Makhleb.
  4275 | D:5      | Found an iron altar of Okawaru.
  4328 | D:5      | Reached * piety under Yredelemnul
  5436 | D:6      | Reached skill level 7 in Fighting
  5436 | D:6      | Reached skill level 5 in Necromancy
  5436 | D:6      | Reached XP level 8. HP: 23/67 MP: 4/12
  5887 | D:6      | Reached skill level 1 in Invocations
  6133 | D:6      | Found a sparkling altar of Nemelex Xobeh.
  6942 | D:6      | Found a runed door.
  6946 | D:6      | Noticed Crazy Yiuf
  6957 | D:6      | Killed Crazy Yiuf
  7287 | D:7      | Reached skill level 1 in Armour
  7453 | D:7      | Reached ** piety under Yredelemnul
  7512 | D:7      | Reached skill level 8 in Fighting
  7519 | D:7      | Noticed a hippogriff
  7544 | D:7      | Killed a hippogriff
  7544 | D:7      | Reached XP level 9. HP: 53/74 MP: 8/13
  8039 | D:7      | Found a snail-covered altar of Cheibriados.
  8062 | D:7      | Noticed Menkaure
  8085 | D:7      | Killed Menkaure
  8327 | D:7      | Found a runed door.
  8342 | D:7      | Found a runed door.
  8889 | D:7      | Reached skill level 5 in Long Blades
  8910 | D:7      | Found a burning altar of Makhleb.
  8979 | D:7      | Found a shimmering altar of Xom.
  9229 | D:8      | Reached skill level 9 in Fighting
  9292 | D:8      | Noticed a troll
  9303 | D:8      | Killed a troll
  9439 | D:8      | Found Yxter's Magic Scroll Boutique.
  9447 | D:8      | Reached skill level 5 in Invocations
  9498 | D:8      | Found a flagged portal.
  9513 | D:8      | Got an ivory hand axe
  9514 | D:8      | Identified the cursed +3 hand axe "Demonslayer" {elec, rF++ Int+3 Dex+7} (You found it on level 8 of the Dungeon)
  9517 | Bailey   | Entered a bailey
  9672 | Bailey   | Reached *** piety under Yredelemnul
  9691 | Bailey   | Mangled by an orc warrior

Vault maps used:
D:1:      matt_arrival_diagonals
D:2:      grunt_qazlal_clouds
D:3:      grunt_temple_overflow_holy_war, first_ration
D:4:      dancing_weapons_uskayaw, kennysheep_minor_cross,
          nicolae_ru_awakened_eye
D:5:      minmay_temple_entry_poolview, basic_altar, kennysheep_another_room,
          okawaru_gym_becter
D:6:      nemelex_spade_bored_becter, uniq_crazy_yiuf_cottage
D:7:      lemuel_insect_pit, nicolae_overflow_hidden_temple,
          lemuel_doored_altar, uniq_menkaure
D:8:      serial_shops, nicolae_shop_waterfront, kennysheep_mini_moat,
          enter_bailey_2, minmay_misc_feat_tower
Temple:   minmay_temple_curvy_loop
Bailey:   bailey_axe_3, bailey

Skill      XL: |  1  2  3  4  5  6  7  8  9 |
---------------+----------------------------+-----
Fighting       | 3 4 5 6 7 8 9 |  9.3
Necromancy     | 1 2 3 5 6 |  6.0
Spellcasting   | 1 2 3 |  3.0
Long Blades    | 3 4 5 |  5.3
Invocations    | 3 5 |  5.1
Armour         | 1 3 |  3.2
Dodging        | 3 4 |  4.3
Throwing       | |  1.7

Action                   |  1- 3 |  4- 6 |  7- 9 || total
-------------------------+-------+-------+-------++-------
Melee: Long sword        |    65 |   171 |   424 ||   660
       Kick              |     5 |    53 |       ||    58
       Hand axe          |       |       |    17 ||    17
 Cast: Animate Skeleton  |       |       |     2 ||     2
Invok: Injury Mirror     |       |       |     3 ||     3
Evoke: Wand              |       |       |     2 ||     2
  Use: Scroll            |     1 |    10 |     7 ||    18
       Potion            |     2 |     4 |     2 ||     8
 Stab: Sleeping          |       |     1 |       ||     1
  Eat: Chunk             |       |    10 |    12 ||    22
       Ration            |       |       |     2 ||     2
Armor: Leather armour    |    20 |    72 |   141 ||   233
       Skin              |    11 |     3 |    28 ||    42
Dodge: Dodged            |    54 |   160 |   381 ||   595
       Deflected         |       |     4 |    25 ||    29
       Rpst.: Long sword |    13 |    61 |    73 ||   147

Table legend:
 A = Spawn XP
 B = Non-spawn XP
 C = Spawn XP percentage of total XP
 D = Spawn monster count
 E = Non-spawn monster count
 F = Spawn count percentage of total count
 G = Total turns spent on level
                    A         B        C        D         E        F      G
               +---------+---------+-------+---------+---------+-------+---------
         Total |       0 |    4985 |   0.0 |       0 |     170 |   0.0 |  9691
               +---------+---------+-------+---------+---------+-------+---------
           D:1 |       0 |      29 |   0.0 |       0 |      19 |   0.0 |   673
           D:2 |       0 |      84 |   0.0 |       0 |      17 |   0.0 |   645
           D:3 |       0 |      90 |   0.0 |       0 |      13 |   0.0 |   952
           D:4 |       0 |     245 |   0.0 |       0 |      22 |   0.0 |  1291
           D:5 |       0 |     658 |   0.0 |       0 |      18 |   0.0 |  1260
           D:6 |       0 |    1057 |   0.0 |       0 |      21 |   0.0 |  2212
           D:7 |       0 |    2197 |   0.0 |       0 |      47 |   0.0 |  1973
           D:8 |       0 |     477 |   0.0 |       0 |       5 |   0.0 |   299
        Bailey |       0 |     148 |   0.0 |       0 |       8 |   0.0 |   174
               +---------+---------+-------+---------+---------+-------+---------
